 Dungeon Crawl Stone Soup version 0.17-a0-848-g7e5c6af (webtiles) character file.

51555 inmateoo the Destroyer (level 14, -4/129 HPs)
             Began as a Pale Draconian Conjurer on Apr 27, 2015.
             Was the Champion of Vehumet.
             Slain by a black mamba (19 damage)
             ... on level 7 of the Lair of Beasts.
             The game lasted 01:05:20 (26524 turns).

inmateoo the Destroyer (Pale Draconian Conjurer)   Turns: 26524, Time: 01:05:20

Health: -4/129     AC: 15    Str: 11    XL:     14   Next: 23%
Magic:  14/26      EV: 17    Int: 21    God:    Vehumet [******]
Gold:   619        SH:  0    Dex: 15    Spells: 7 memorised, 1 level left

rFire  + + .     SeeInvis .     a - +5 demon trident (drain)
rCold  . . .     Clarity  +     (armour unavailable)
rNeg   . . .     SustAb   .     (no shield)
rPois  +         Gourm    .     (helmet restricted)
rElec  .         Spirit   .     o - +2 cloak
rCorr  +         Warding  .     e - +0 pair of gloves
rMut   .         Stasis   .     O - +2 pair of boots {Stlth+}
MR     ++...                    v - amulet of resist corrosion
Stlth  +++.......               p - ring of protection from magic
                                q - ring of protection from fire

@: very resistant to hostile enchantments, fairly stealthy
A: breathe steam, unfitting armour, agile 1, blurry vision 2, clarity, clever 1,
fire resistance 1, mutation resistance 1, poison resistance, robust 1, slow
healing 1, cold-blooded, AC +8
a: Breathe Steam, Renounce Religion


You were on level 7 of the Lair of Beasts.
You worshipped Vehumet.
Vehumet was exalted by your worship.
You were not hungry.

You visited 2 branches of the dungeon, and saw 19 of its levels.
You also visited: Bailey and Ice Cave.

You collected 1283 gold pieces.
You spent 664 gold pieces at shops.

Inventory:

Hand weapons
 a - a +5 demon trident of draining (weapon)
 l - a +3 halberd of pain
Missiles
 I - 5 javelins of returning (quivered)
Armour
 e - a +0 pair of gloves (worn)
 o - a +2 cloak (worn)
 O - a +2 pair of boots of stealth (worn)
Magical staves
 P - an uncursed staff of conjuration
Jewellery
 c - an uncursed amulet of clarity
 f - the ring "Kaus" {Ice +Blink Stlth+}
   (You found it on level 1 of the Lair of Beasts)

   [ring of ice]

   It enhances your ice magic, and weakens your fire magic.
   It makes you vulnerable to fire.
   It protects you from cold.
   It lets you blink.
   It makes you more stealthy.
 p - a ring of protection from magic (right hand)
 q - a ring of protection from fire (left hand)
 v - an amulet of resist corrosion (around neck)
Magical devices
 s - a wand of disintegration (12)
 J - a wand of digging (15)
 K - a wand of fireball (3)
 M - a wand of hasting (1)
Scrolls
 h - 4 scrolls of noise
 j - 3 scrolls of enchant armour
 k - 7 scrolls of teleportation
 t - a scroll of amnesia
 u - 7 scrolls of remove curse
 x - 3 scrolls of blinking
 A - 5 scrolls of identify
 B - 5 scrolls of recharging
 D - 2 scrolls of magic mapping
 L - 2 scrolls of fog
 R - a scroll of fear
Potions
 d - 2 potions of resistance
 g - 4 potions of agility
 i - a potion of restore abilities
 m - a potion of berserk rage
 n - 3 potions of haste
 w - a potion of curing
 E - a potion of cancellation
 F - 2 potions of might
 H - a potion of brilliance
 N - a potion of heal wounds
 Q - a potion of magic
 U - a potion of ambrosia
Books
 z - a book of Enchantments

   Spells                             Type                      Level
   a - Cause Fear                     Hexes                        4
   b - Silence                        Hexes/Air                    5
   c - Deflect Missiles               Charms/Air                   6
   d - Haste                          Charms                       6
   e - Discord                        Hexes                        8
Comestibles
 b - 11 bread rations
 r - 7 royal jellies
 C - 10 fruits
 G - a meat ration
 S - a beef jerky
 T - a chunk of flesh


   Skills:
 + Level 9.2 Fighting
 + Level 8.9 Polearms
 + Level 8.6 Dodging
 - Level 1.7 Stealth
 + Level 8.7 Spellcasting
 * Level 13.5 Conjurations
 * Level 13.1 Fire Magic


You had one spell level left.
You knew the following spells:

 Your Spells              Type           Power        Failure   Level  Hunger
a - Magic Dart            Conj           ####         1%          1    None
b - Searing Ray           Conj           ######       1%          2    None
c - Dazzling Spray        Conj/Hex       #####...     1%          3    None
d - Iron Shot             Conj/Erth      #####.....   34%         6    ######.
e - Fireball              Conj/Fire      ######....   1%          5    #####..
f - Bolt of Magma         Conj/Fire/Erth #####.....   1%          5    #####..
g - Orb of Destruction    Conj           ######....   8%          7    #######


Dungeon Overview and Level Annotations

Branches:
Dungeon (12/15)            Temple (0/1) D:4            Lair (7/8) D:9
  Swamp (0/4) Lair:4       Spider (0/4) Lair:4        Slime (0/6) Lair:6
    Orc (0/4) D:9

Altars:
Ashenzari
Cheibriados
Dithmenos
Elyvilon
Fedhas
Gozag
Kikubaaqudgha
Makhleb
Nemelex Xobeh
Okawaru
Ru
Trog
Vehumet
Zin
Beogh
Jiyva

Shops:
D:5 *   D:9 [   D:11 **[[(

Annotations:
D:9 Maurice


Innate Abilities, Weirdness & Mutations

You can breathe blasts of scalding, opaque steam.
Your pale cyan-grey scales are hard (AC +8).
Your body does not fit into most forms of armour.
You are cold-blooded and may be slowed by cold attacks.
You are agile. (Dex +2)
Scrolls take you longer to read.
You possess an exceptional clarity of mind.
Your mind is acute. (Int +2)
Your flesh is heat resistant.
You are somewhat resistant to further mutation.
Your system is resistant to poisons.
You are robust (+10% HP).
You heal slowly when monsters are visible.


Message History

The black mamba is lightly wounded.
The blink frog gives a loud, deep croak!
The blink frog blinks!
The searing ray hits the black mamba.
The black mamba is moderately wounded.
The black mamba barely misses you. The black mamba bites you!
* * * LOW HITPOINT WARNING * * *
The searing ray hits the black mamba.
The black mamba is moderately wounded.
The black mamba bites you!
* * * LOW HITPOINT WARNING * * *
The black mamba closely misses you.
The searing ray hits the black mamba.
The black mamba is severely wounded.
The black mamba closely misses you. The black mamba bites you.
* * * LOW HITPOINT WARNING * * *
You closely miss the black mamba.
The black mamba is severely wounded.
The black mamba bites you!!
You die...

..........†......................
.................................
......[..........................
..................(..............
.................................
.................†#..............
.....#.........P..##.......##....
.....###........S###P.......##...
....# #........@## #.......#†#..
....## ##......÷..# #P.....P.##P.
..PP.# #........P####.........#..
.PPPP#####.......................
...P..# ##....PP}P..............
.....## #.#....P................
....#.## ###.....................
....P..## ##..........F....†....
......#.# ##.............>....#


You could see a black mamba.

Vanquished Creatures
  Maud (Lair:4)
  Fannar (D:11)
  Harold (Lair:1)
  2 hydras (Lair:5)
  The ghost of Mygna the Cleaver, a powerful FoFi of Zin (Lair:2)
  4 death yaks
  3 ice statues (IceCv)
  2 unseen horrors (D:10)
  3 hill giants
  A wolf spider (Lair:3)
  A cyclops (D:6)
  A griffon (Lair:7)
  3 orc knights (Bailey)
  4 black mambas
  9 elephants
  A gargoyle (D:10)
  11 spiny frogs
  A torpor snail (Lair:3)
  8 komodo dragons
  A troll (D:11)
  A fire drake (Lair:7)
  3 jumping spiders (Lair:4)
  A queen bee (D:10)
  3 two-headed ogres
  A baby alligator (Lair:4)
  A slime creature (D:12)
  9 blink frogs
  A redback (Lair:3)
  A trapdoor spider (D:11)
  A steam dragon (Lair:2)
  2 basilisks
  A wyvern (D:10)
  40 yaks
  4 hippogriffs
  A mottled dragon (D:11)
  11 water moccasins
  15 porcupines
  5 sky beasts
  2 black bears
  13 ice beasts
  8 ogres
  A swamp drake (Lair:4)
  3 phantoms
  A wasp (D:8)
  A boring beetle (Lair:5)
  22 orc warriors
  4 centaurs
  A necrophage (D:7)
  12 crocodiles
  2 big kobolds
  2 gnoll sergeants
  21 giant frogs
  A wyvern skeleton (D:7)
  5 scorpions
  16 wights
  25 killer bees (D:10)
  A giant frog zombie (D:6)
  A quasit (D:10)
  6 crimson imps
  19 orc wizards
  2 centaur skeletons
  11 orc priests
  4 giant frog skeletons
  5 jellies
  11 iguanas
  13 hell rats (Lair:4)
  17 worker ants
  Natasha (thrice) (D:4)
  8 hounds
  49 sheep
  18 gnolls
  68 river rats
  4 shadow imps
  18 adders
  An ooze (D:1)
  An adder skeleton (D:6)
  6 worms
  9 giant geckos
  120 orcs
  3 bat skeletons
  18 goblins
  15 hobgoblins
  17 jackals
  2 ball pythons
  19 bats
  5 giant cockroaches
  A giant cockroach zombie (D:6)
  3 giant newts
  2 jackal skeletons
  21 kobolds
  7 quokkas
  A quokka skeleton (D:9)
  26 rats
  7 ballistomycetes (D:10)
  2 fungi
844 creatures vanquished.

Vanquished Creatures (others)
  An orc priest (D:10)
  A river rat (Lair:1)
  A giant newt (Lair:4)
  5 giant spores
  2 bushes (D:9)
  A fungus (Lair:7)
  4 plants
15 creatures vanquished.

Grand Total: 859 creatures vanquished

Notes
Turn   | Place    | Note
--------------------------------------------------------------
     0 | D:1      | inmateoo, the Draconian Conjurer, began the quest for the Orb.
     0 | D:1      | Reached XP level 1. HP: 14/14 MP: 3/3
   118 | D:1      | Reached XP level 2. HP: 11/20 MP: 1/5
   623 | D:2      | Learned a level 2 spell: Searing Ray
   744 | D:2      | Reached XP level 3. HP: 26/26 MP: 3/6
   821 | D:2      | Found a radiant altar of Vehumet.
   835 | D:2      | Became a worshipper of Vehumet
  1905 | D:3      | Learned a level 3 spell: Dazzling Spray
  1958 | D:3      | Reached XP level 4. HP: 21/33 MP: 1/7
  2005 | D:3      | Reached skill level 5 in Conjurations
  2154 | D:3      | Found a sacrificial altar of Ru.
  2168 | D:3      | Reached XP level 5. HP: 36/38 MP: 9/9
  2327 | D:3      | Found an ancient bone altar of Kikubaaqudgha.
  2395 | D:3      | Acquired Vehumet's first power
  2395 | D:3      | Offered knowledge of Freeze by Vehumet.
  2567 | D:3      | Found a shadowy altar of Dithmenos.
  2761 | D:3      | Found a shattered altar of Ashenzari.
  2943 | D:4      | Noticed an ogre
  3189 | D:3      | Reached XP level 6. HP: 26/45 MP: 7/11
  3542 | D:4      | Noticed a phantom
  3570 | D:4      | Killed a phantom
  3570 | D:4      | Reached skill level 6 in Conjurations
  3898 | D:4      | Found a staircase to the Ecumenical Temple.
  3973 | D:4      | Your scales start taking on a pale cyan-grey colour.
  3973 | D:4      | Reached XP level 7. HP: 35/50 MP: 12/12
  4050 | D:4      | Offered knowledge of Flame Tongue by Vehumet.
  4053 | D:4      | Learned a level 1 spell: Flame Tongue
  4183 | D:4      | Noticed Natasha
  4192 | D:4      | Killed Natasha
  4287 | D:4      | Found a snail-covered altar of Cheibriados.
  4461 | D:4      | Noticed Natasha
  4470 | D:4      | Killed Natasha
  4798 | D:4      | Reached skill level 1 in Fire Magic
  4808 | D:4      | Noticed Natasha
  4814 | D:4      | Killed Natasha
  4836 | D:5      | Entered Level 5 of the Dungeon
  4908 | D:4      | Killed an ogre
  4908 | D:4      | Reached skill level 7 in Conjurations
  5244 | D:5      | Found an iron altar of Okawaru.
  5247 | D:5      | Found an opulent altar of Gozag.
  5248 | D:5      | Found a burning altar of Makhleb.
  5256 | D:5      | Found a sacrificial altar of Ru.
  5256 | D:5      | Found a glowing silver altar of Zin.
  5357 | D:5      | Reached skill level 1 in Fighting
  5367 | D:5      | Reached skill level 1 in Polearms
  5367 | D:5      | Reached XP level 8. HP: 44/59 MP: 10/14
  5484 | D:5      | Offered knowledge of Ignite Poison by Vehumet.
  5775 | D:5      | Acquired Vehumet's second power
  5828 | D:5      | Found a sparkling altar of Nemelex Xobeh.
  6109 | D:5      | Found Dumuup's General Store.
  6118 | D:5      | Bought a scroll of identify for 20 gold pieces
  6118 | D:5      | Bought a potion of might for 40 gold pieces
  6118 | D:5      | Bought a scroll of identify for 20 gold pieces
  6118 | D:5      | Bought a scroll of blinking for 75 gold pieces
  6592 | D:6      | Offered knowledge of Olgreb's Toxic Radiance by Vehumet.
  6846 | D:6      | Reached skill level 8 in Conjurations
  7201 | D:6      | Acquired Vehumet's third power
  7201 | D:6      | Reached skill level 5 in Fire Magic
  7201 | D:6      | Reached XP level 9. HP: 54/68 MP: 13/16
  7280 | D:6      | Reached skill level 5 in Dodging
  7328 | D:6      | Noticed a cyclops
  7780 | D:6      | Killed a cyclops
  7780 | D:6      | Reached skill level 5 in Spellcasting
  7807 | D:6      | Offered knowledge of Fireball by Vehumet.
  7814 | D:6      | Learned a level 5 spell: Fireball
  8287 | D:6      | Reached skill level 9 in Conjurations
  8628 | D:7      | Gained mutation: Scrolls take you a little longer to read. [mutagenic meat]
  8629 | D:7      | Gained mutation: Your spells are a little harder to cast, but a little more powerful. [mutagenic meat]
  8630 | D:7      | Gained mutation: Your flesh is heat resistant. [mutagenic meat]
  8631 | D:7      | Gained mutation: You tend to lose your temper in combat. [mutagenic meat]
  8632 | D:7      | Gained mutation: Your tail ends in a poisonous barb. [mutagenic meat]
  8633 | D:7      | Lost mutation: Your tail ends in a poisonous barb. [mutagenic meat]
  8899 | D:7      | Offered knowledge of Spellforged Servitor by Vehumet.
  8941 | D:7      | Reached XP level 10. HP: 78/80 MP: 14/18
  9296 | D:8      | Found a flagged portal.
  9308 | Bailey   | Entered a bailey
  9312 | Bailey   | Lost mutation: You tend to lose your temper in combat. [potion of cure mutation]
  9312 | Bailey   | Lost mutation: Your spells are a little harder to cast, but a little more powerful. [potion of cure mutation]
  9313 | Bailey   | Gained mutation: You are agile. (Dex +2) [potion of beneficial mutation]
  9314 | Bailey   | Gained mutation: Your mind is acute. (Int +2) [potion of beneficial mutation]
  9940 | Bailey   | Offered knowledge of Bolt of Magma by Vehumet.
  9955 | Bailey   | Learned a level 5 spell: Bolt of Magma
 10013 | Bailey   | Noticed an orc knight
 10027 | Bailey   | Killed an orc knight
 10131 | Bailey   | Noticed an orc knight
 10166 | Bailey   | Killed an orc knight
 10166 | Bailey   | Reached skill level 5 in Fighting
 10166 | Bailey   | Reached skill level 10 in Conjurations
 10274 | Bailey   | Noticed an orc knight
 10329 | Bailey   | Killed an orc knight
 10617 | D:8      | Found a blossoming altar of Fedhas.
 11041 | D:8      | Found a white marble altar of Elyvilon.
 11183 | D:8      | Reached XP level 11. HP: 60/88 MP: 20/20
 11295 | D:9      | Found a staircase to the Lair.
 11341 | D:9      | Reached skill level 5 in Polearms
 11521 | D:9      | Found Ecergh's Armour Shop.
 11529 | D:9      | Bought a +2 pair of boots of stealth for 279 gold pieces
 11569 | D:9      | Offered knowledge of Bolt of Cold by Vehumet.
 11747 | D:9      | Gained mutation: Scrolls take you longer to read. [mutagenic meat]
 11748 | D:9      | Gained mutation: You heal slowly when monsters are visible. [mutagenic meat]
 11749 | D:9      | Gained mutation: Your system is resistant to poisons. [mutagenic meat]
 11751 | D:9      | Gained mutation: You are robust (+10% HP). [mutagenic meat]
 11752 | D:9      | Gained mutation: You are somewhat resistant to further mutation. [mutagenic meat]
 11794 | D:9      | Found a staircase to the Orcish Mines.
 12205 | D:9      | Found a bloodstained altar of Trog.
 12269 | D:9      | Found a roughly hewn altar of Beogh.
 12431 | D:9      | Noticed Maurice
 12646 | D:10     | Entered Level 10 of the Dungeon
 12938 | D:10     | Noticed a hill giant
 12944 | D:10     | Killed a hill giant
 12944 | D:10     | Reached skill level 11 in Conjurations
 13125 | D:10     | Gained mutation: You possess an exceptional clarity of mind. [potion of beneficial mutation]
 13198 | D:10     | Killed an unseen horror
 14339 | D:10     | Killed an unseen horror
 14339 | D:10     | Reached skill level 10 in Fire Magic
 14717 | D:10     | Reached XP level 12. HP: 100/106 MP: 22/22
 15044 | D:11     | Found Dihiun's Assorted Antiques.
 15047 | D:11     | Bought a potion of heal wounds for 195 gold pieces
 15047 | D:11     | Bought an amethyst potion for 35 gold pieces
 15136 | D:11     | Found Hiant's Antique Armour Boutique.
 15151 | D:11     | Offered knowledge of Iron Shot by Vehumet.
 15179 | D:11     | Learned a level 6 spell: Iron Shot
 15182 | D:11     | Noticed Fannar
 15263 | D:11     | HP: 3/106 [Fannar/Ozocubu's Refrigeration (5)]
 15682 | D:11     | Killed Fannar
 16011 | D:11     | Found Wiesulih's Assorted Antiques.
 16145 | D:11     | Found Inekheis's Armour Emporium.
 16242 | D:11     | Found Fiywucyss's Antique Weapon Boutique.
 17016 | Lair:1   | Entered Level 1 of the Lair of Beasts
 17110 | Lair:1   | Noticed Harold
 17143 | Lair:1   | Killed Harold
 17753 | Lair:1   | Got a warped golden ring
 17758 | Lair:1   | Identified the ring "Kaus" {Ice +Blink Stlth+} (You found it on level 1 of the Lair of Beasts)
 17942 | Lair:2   | Reached skill level 12 in Conjurations
 18003 | Lair:2   | Noticed Mygna's ghost (powerful FoFi)
 18059 | Lair:2   | Found a frozen archway.
 18068 | IceCv    | Entered an ice cave
 19340 | Lair:2   | Killed Mygna's ghost
 19997 | Lair:3   | Reached XP level 13. HP: 87/117 MP: 10/24
 20789 | Lair:4   | Found a hole to the Spider Nest.
 21466 | Lair:4   | Noticed Maud
 21911 | Lair:4   | Found a staircase to the Swamp.
 22114 | Lair:4   | Killed Maud
 22931 | Lair:4   | Offered knowledge of Poisonous Cloud by Vehumet.
 23243 | Lair:4   | Reached skill level 13 in Conjurations
 25078 | Lair:6   | Found a viscous altar of Jiyva.
 25078 | Lair:6   | Found a staircase to the Slime Pits.
 25155 | Lair:6   | Reached XP level 14. HP: 125/129 MP: 23/26
 25988 | Lair:7   | Offered knowledge of Orb of Destruction by Vehumet.
 25997 | Lair:7   | Learned a level 7 spell: Orb of Destruction
 26524 | Lair:7   | Slain by a black mamba

Action                   |  1- 3 |  4- 6 |  7- 9 | 10-12 | 13-15 || total
-------------------------+-------+-------+-------+-------+-------++-------
Melee: Unarmed           |    63 |       |       |       |       ||    63
       Dagger            |       |    81 |       |       |       ||    81
       Trident           |       |    47 |   453 |  1071 |   146 ||  1717
       Demon trident     |       |       |       |       |   560 ||   560
 Fire: Blowgun           |     6 |     9 |       |       |       ||    15
Throw: Javelin           |       |       |       |     1 |       ||     1
 Cast: Magic Dart        |    80 |    32 |    20 |    29 |       ||   161
       Searing Ray       |     2 |     5 |    18 |    31 |     2 ||    58
       Dazzling Spray    |       |       |    13 |    25 |     5 ||    43
       Bolt of Magma     |       |       |       |    44 |    42 ||    86
       Fireball          |       |       |       |    19 |    11 ||    30
 Abil: Breathe Steam     |       |       |     7 |    33 |     3 ||    43
  Use: Scroll            |     9 |     3 |     9 |    13 |     8 ||    42
       Potion            |       |     2 |     1 |    12 |     1 ||    16
 Stab: Sleeping          |       |     2 |     4 |    12 |     9 ||    27
       Invisible         |       |     4 |     1 |       |     2 ||     7
       Distracted        |       |       |     2 |     2 |     2 ||     6
       Confused          |       |       |       |       |     1 ||     1
  Eat: Chunk             |     4 |     7 |    24 |    26 |    21 ||    82
       Pizza             |       |       |     1 |       |     3 ||     4
       Fruit             |       |       |       |     2 |       ||     2
       Meat ration       |       |       |       |     3 |     2 ||     5
       Royal jelly       |       |       |       |     5 |       ||     5
       Beef jerky        |       |       |       |     5 |       ||     5
       Bread ration      |       |       |       |     1 |       ||     1
